 Dungeon Crawl Stone Soup version 0.30-a0-728-gc68057be0a (webtiles) character file.

Game seed: 16592999091715867394

6997 KleinerIrrer the Basher (level 10, -3/88 HPs)
             Began as a Troll Gladiator on Jan 30, 2023.
             Was a Priest of Okawaru.
             Drowned by a quicksilver ooze (8 damage)
             ... in an ice cave.
             The game lasted 00:21:52 (7640 turns).

KleinerIrrer the Basher (Troll Gladiator)           Turns: 7640, Time: 00:21:52

Health: -3/88      AC:  9    Str: 28    XL:     10   Next: 82%
Magic:  0/9        EV: 10    Int:  4    God:    Okawaru [***...]
Gold:   149        SH:  0    Dex: 11    Spells: 9/9 levels left

rFire   x x .      SeeInvis .    b - +1 giant spiked club
rCold   + + .      Faith    .    (shield currently unavailable)
rNeg    . . .      Spirit   .    i - +0 steam dragon scales
rPois   .          Reflect  .    c - +1 hat
rElec   .          Harm     .    v - +0 cloak
rCorr   .          Rampage  .    (gloves unavailable)
Will    .....                    (boots unavailable)
Stlth   +                        (no amulet)
HPRegen 1.14/turn                O - ring of ice
MPRegen 0.11/turn                s - ring of ice

@: mighty, engulfed (cannot breathe)
A: large, unfitting armour, claws 3, regeneration 1, shaggy fur 1, tough skin 1
a: Renounce Religion, Heroism


You were in an ice cave.
You worshipped Okawaru.
Okawaru was most pleased with you.
You visited 3 branches of the dungeon, and saw 12 of its levels.
You also visited: Sewer, Bailey and Ice Cave.

You collected 429 gold pieces.
You spent 280 gold pieces at shops.

Inventory:

Hand Weapons
 a - a +0 flail
 b - a +1 giant spiked club (weapon)
 y - a +1 arbalest of freezing
 D - a +0 giant club
 L - a +2 hand axe of electrocution
Missiles
 e - a large rock (quivered)
 g - 14 boomerangs
 m - 23 poisoned darts
Armour
 c - a +1 hat (worn)
 i - +0 steam dragon scales (worn)
 v - a +0 cloak (worn)
Jewellery
 f - an amulet of faith
 l - a ring of wizardry
 s - a ring of ice (right claw)
 t - a ring of flight
 x - a ring of protection from fire
 C - a +4 ring of protection
 J - a ring of poison resistance
 O - a ring of ice (left claw)
 Q - the ring of Qayps {rF+ Str-5 Dex+6 SInv}
   (You found it on level 8 of the Dungeon)

   [ring of dexterity]

   Str:       It affects your strength (-5).
   Dex:       It affects your dexterity (+6).
   rF:        It protects you from fire.
   SInv:      It lets you see invisible.
 S - the amulet "Ydwivui" {Acrobat Dex+4}
   (You found it on level 1 of the Lair of Beasts)

   [amulet of the acrobat]

   It increases your evasion while moving and waiting.
   Dex:       It affects your dexterity (+4).
Wands
 A - a wand of flame (31)
 G - a wand of digging (17)
 K - a wand of acid (1)
 P - a wand of paralysis (6)
Scrolls
 h - 4 scrolls of teleportation
 j - a scroll of noise
 p - a scroll of silence
 u - 4 scrolls of blinking
 z - a scroll of magic mapping
 B - 2 scrolls of identify
 F - 2 scrolls of fear
 M - a scroll of enchant armour
 N - a scroll of acquirement {unknown}
 R - 2 scrolls of torment {unknown}
Potions
 k - 5 potions of flight
 n - 4 potions of lignification
 r - a potion of invisibility
 w - 2 potions of haste
 E - a potion of magic {unknown}
 H - 3 potions of curing
 I - 2 potions of brilliance
Miscellaneous
 q - a tin of tremorstones (2/2)


   Skills:
 - Level 2.6 Fighting
 * Level 14.9 Maces & Flails
 - Level 1.7 Throwing
 - Level 3.3 Dodging


You had 9 spell levels left.
You didn't know any spells.
Your spell library contained the following spells:

 Spells                   Type           Power      Damage    Failure   Level
 Apportation              Tloc           0%         N/A       50%         1
 Necrotise                Necr           0%         1d4       50%         1
 Sting                    Tmut/Pois      0%         1d3       50%         1
 Blink                    Tloc           0%         N/A       65%         2
 Poisonous Vapours        Pois/Air       0%         N/A       65%         2
 Gell's Gravitas          Tloc           0%         N/A       86%         3
 Ignite Poison            Fire/Tmut/Pois 0%         N/A       86%         3
 Kindle Blastsparks       Fire/Tloc/Air  0%         2d10      86%         3
 Teleport Other           Tloc           0%         N/A       86%         3
 Manifold Assault         Tloc           0%         N/A       99%         4
 Olgreb's Toxic Radiance  Pois           0%         N/A       99%         4
 Alistair's Intoxication  Tmut/Pois      0%         N/A       100%        5
 Borgnjor's Vile Clutch   Necr/Erth      0%         N/A       100%        5
 Freezing Cloud           Conj/Ice/Air   0%         6-21      100%        5
 Dispersal                Tloc           0%         N/A       100%        6
 Eringya's Noxious Bog    Tmut/Pois      0%         N/A       100%        6
 Storm Form               Tmut/Air       0%         N/A       100%        7
 Disjunction              Tloc           0%         N/A       100%        8
 Summon Small Mammal      Summ           Unusable   N/A       N/A         1

Dungeon Overview and Level Annotations

Branches:
Dungeon (9/15)             Temple (1/1) D:7            Lair (2/5) D:8
  Snake (0/4) Lair:2        Sewer (visited)          Bailey (visited)
  IceCv (1/1)
  Swamp: Lair:2-3    Shoals: Lair:2-3       Orc: D:9-12

Altars:
Dithmenos
Elyvilon
Hepliaklqana
Kikubaaqudgha
Okawaru
Qazlal
Ru
Sif Muna
Trog
Wu Jian
Xom
The Shining One

Shops:
D:7 *


Innate Abilities, Weirdness & Mutations

You are too large for most types of armour.
You have claws for hands.
Your natural rate of healing is unusually fast.
You are covered in fur. (AC +1)
You have tough skin. (AC +1)


Message History

A quicksilver ooze comes into view.
The quicksilver ooze quivers.
Okay, then.
The quicksilver ooze barely misses you.
The quicksilver ooze hits you but does no damage.
You closely miss the quicksilver ooze. The quicksilver ooze hits you.
The quicksilver ooze engulfs you! The quicksilver ooze barely misses you.
The quicksilver ooze hits you. The quicksilver ooze hits you!
You feel your power leaking away.
You impale the quicksilver ooze!!
The quicksilver ooze is heavily wounded.
Your lungs strain for air!
The quicksilver ooze hits you. The quicksilver ooze hits you!
You feel your power leaking away.
You puncture the quicksilver ooze!
The quicksilver ooze is severely wounded.
Your lungs strain for air!
The quicksilver ooze hits you.
The quicksilver ooze closely misses you.
A slime creature simulacrum comes into view.
The quicksilver ooze hits you. The quicksilver ooze barely misses you.
You closely miss the quicksilver ooze.
The quicksilver ooze is severely wounded.
Your lungs strain for air!
The quicksilver ooze hits you! The quicksilver ooze hits you.
You miss the quicksilver ooze.
The quicksilver ooze is severely wounded.
Your lungs strain for air!
The quicksilver ooze hits you!
* * * LOW HITPOINT WARNING * * *
The quicksilver ooze misses you. The quicksilver ooze hits you.
The quicksilver ooze hits you!
* * * LOW HITPOINT WARNING * * *
Okay, then.
You cannot read scrolls while unable to breathe!
Unknown command.
Unknown command.
You cannot read scrolls while unable to breathe!
You feel very mighty all of a sudden.
You die...

### #.. .... .....
....Z# #.....#
#.....###
#.J@.#### #
###.....### ###..
###.....#####.....
####.........#
####...#### ##.##
##.## ##...##
#..∩..#


You could see a quicksilver ooze and a slime creature simulacrum.

Vanquished Creatures
  An orc knight (Bailey)
  A cane toad (Lair:1)
  A komodo dragon (D:8)
  A rime drake (Lair:1)
  A troll (D:8)
  Sigmund (D:5)
  A basilisk (Lair:1)
  4 yaks (D:8)
  2 steam dragons
  Duvessa (D:4)
  4 water moccasins
  10 orc warriors
  A black bear (D:7)
  2 sky beasts (D:8)
  2 ice beasts
  A great orb of eyes simulacrum (IceCv)
  4 ogres
  A centaur (D:6)
  2 phantoms
  2 slime creature simulacra (IceCv)
  5 kobold brigands
  A bullfrog (Lair:1)
  3 scorpions (D:5)
  5 wights (D:7)
  Dowan (D:4)
  4 killer bees (D:8)
  A howler monkey (D:4)
  2 jellies
  5 orc priests
  3 hounds
  Jessica (D:2)
  Natasha (D:2)
  An iguana (D:7)
  5 adders
  2 shadow imps
  4 white imps
  An ufetubus (D:6)
  2 worms
  A dart slug (D:3)
  11 orcs
  7 ball pythons
  4 endoplasms
  5 giant cockroaches
  9 goblins
  9 hobgoblins
  7 jackals
  31 kobolds
  2 quokkas (D:1)
  4 bats
  6 frilled lizards (D:1)
  3 rats
189 creatures vanquished.

Vanquished Creatures (others)
  A fungus (Lair:2)
  8 plants
9 creatures vanquished.

Grand Total: 198 creatures vanquished

Notes
Turn   | Place    | Note
-------+----------+-------------------------------------------
     0 | D:1      | KleinerIrrer the Troll Gladiator began the quest for the
                  | Orb.
     0 | D:1      | Reached XP level 1. HP: 19/19 MP: 0/0
   567 | D:1      | Reached XP level 2. HP: 28/28 MP: 1/1
   914 | D:2      | Noticed Jessica
   919 | D:2      | Killed Jessica
   920 | D:2      | Reached skill level 3 in Maces & Flails
   920 | D:2      | Reached XP level 3. HP: 28/35 MP: 2/2
  1007 | D:2      | Noticed Natasha
  1018 | D:2      | Killed Natasha
  1049 | D:2      | Reached XP level 4. HP: 44/44 MP: 3/3
  1367 | D:2      | Found a shadowy altar of Dithmenos.
  2252 | D:4      | Reached skill level 4 in Maces & Flails
  2252 | D:4      | Reached XP level 5. HP: 47/50 MP: 4/4
  2497 | D:4      | Noticed Duvessa
  2497 | D:4      | Noticed Dowan
  2523 | D:4      | Killed Duvessa
  2524 | D:4      | Reached skill level 5 in Maces & Flails
  2524 | D:4      | Reached XP level 6. HP: 32/59 MP: 5/5
  2540 | D:4      | Killed Dowan
  2989 | D:5      | Entered Level 5 of the Dungeon
  3068 | D:5      | Reached skill level 6 in Maces & Flails
  3125 | D:5      | Reached XP level 7. HP: 66/66 MP: 6/6
  3195 | D:5      | Noticed Sigmund
  3275 | D:5      | Killed Sigmund
  3276 | D:5      | Reached skill level 7 in Maces & Flails
  3511 | D:5      | Found a white marble altar of Elyvilon.
  3511 | D:5      | Found an ancient bone altar of Kikubaaqudgha.
  3517 | D:5      | Found a shadowy altar of Dithmenos.
  3937 | D:5      | Reached skill level 8 in Maces & Flails
  4333 | D:6      | Found a glowing drain.
  4346 | Sewer    | Entered a sewer
  4391 | Sewer    | Reached XP level 8. HP: 74/74 MP: 7/7
  4620 | D:6      | Reached skill level 9 in Maces & Flails
  4696 | D:6      | Reached skill level 10 in Maces & Flails
  4734 | D:6      | Found a stormy altar of Qazlal.
  4791 | D:6      | Found a shimmering blue altar of Sif Muna.
  5099 | D:7      | Reached XP level 9. HP: 62/80 MP: 8/8
  5207 | D:7      | Reached skill level 11 in Maces & Flails
  5440 | D:7      | Found a staircase to the Ecumenical Temple.
  5454 | Temple   | Entered the Ecumenical Temple
  5475 | Temple   | Became a worshipper of Warmaster Okawaru
  5632 | D:7      | Found Pemyufit's Practical Paraphernalia.
  5645 | D:7      | Bought a ring of poison resistance for 280 gold pieces
  5673 | D:7      | Found a hazy altar of Hepliaklqana.
  5764 | D:7      | Found an ornate altar of the Wu Jian Council.
  5841 | D:8      | Found a flagged portal.
  5853 | Bailey   | Entered a bailey
  5859 | Bailey   | Noticed an orc knight
  5890 | Bailey   | Reached skill level 12 in Maces & Flails
  5994 | Bailey   | Killed an orc knight
  5996 | Bailey   | Reached * piety under Okawaru
  6009 | Bailey   | Reached XP level 10. HP: 34/88 MP: 9/9
  6014 | Bailey   | Reached skill level 13 in Maces & Flails
  6435 | D:8      | Found a glowing golden altar of the Shining One.
  6477 | D:8      | Reached ** piety under Okawaru
  6707 | D:8      | Identified the ring of Qayps {rF+ Str-5 Dex+6 SInv}
  6934 | D:8      | Found a staircase to the Lair.
  6959 | D:8      | Reached skill level 14 in Maces & Flails
  7368 | D:9      | Noticed a two-headed ogre
  7436 | Lair:1   | Entered Level 1 of the Lair of Beasts
  7456 | Lair:1   | Reached *** piety under Okawaru
  7531 | Lair:1   | Identified the amulet "Ydwivui" {Acrobat Dex+4}
  7538 | Lair:1   | Noticed a cane toad
  7545 | Lair:1   | Killed a cane toad
  7567 | Lair:1   | You fall into a shaft and drop 1 floor!
  7575 | Lair:2   | Found a frozen archway.
  7583 | IceCv    | Entered an ice cave
  7632 | IceCv    | Noticed a quicksilver ooze
  7640 | IceCv    | Drowned by a quicksilver ooze

Illustrated notes

Levels and vault maps discovered:
D:1:      matt_arrival_spirals, layout_basic, minmay_misc_feat_iff,
          minmay_lizard_king
D:2:      layout_rooms, basic_altar, minmay_tetromino_t4, uniq_jessica,
          uniq_natasha
D:3:      layout_loops_ring
D:4:      layout_cave_pods, uniq_duvessa
D:5:      layout_layer_cave, nicolae_overflow_hidden_temple, serial_rivers,
          chequers_serial_rivers_marsh, chequers_serial_rivers_micro_d,
          chequers_serial_rivers_micro_b, chequers_serial_rivers_large_b,
          chequers_serial_rivers_small_b, uniq_sigmund
D:6:      layout_basic, mainiacjoe_overflow_paths,
          nicolae_qazlal_general_emergency, portal_sewer_entry_f
D:7:      layout_cave_pools, general_overflow_altar, marbit_many_paths,
          minmay_temple_entry_gardened_gates, nicolae_alphabet_shops
D:8:      layout_loops_corners, tso_metal_star, david_lair_shrubbed,
          enter_bailey_3
D:9:      minmay_the_grid_triangle_9x9_rhombus_thin_mashed
          [minmay_the_grid_triangle_9x9_intruding_spiral,
          minmay_the_grid_triangle_9x9_prize_special,
          minmay_the_grid_triangle_9x9_minimal,
          minmay_the_grid_triangle_9x9_impossible_snake], layout_basic
Temple:   oiseaux_autumnal_temple
Lair:1:   layout_gridlike, serial_bayou_shore_b, grunt_megastairs_4
Lair:2:   layout_loops_ring, minmay_snake_entry_guardpost_small,
          portal_ice_cave_entry_pillars_2, st_stairs_6,
          chequers_serial_rivers_micro_a, nzn_sisyphean_effort
IceCv:    ice_cave_hellmonk_azure_passage

Skill      XL: |  1  2  3  4  5  6  7  8  9 10 |
---------------+-------------------------------+-----
Fighting       | 2 |  2.6
Maces & Flails | 3 4 5 6 8 10 12 14 | 14.9
Dodging        | 3 |  3.3
Throwing       | |  1.7

Action                     |  1- 3 |  4- 6 |  7- 9 | 10-12 || total
---------------------------+-------+-------+-------+-------++-------
  Melee: Flail             |    65 |   164 |   180 |       ||   409
         Punch             |       |     1 |     4 |       ||     5
         Giant club        |       |       |     4 |       ||     4
         Giant spiked club |       |       |    67 |   141 ||   208
         Hand axe          |       |       |       |    13 ||    13
   Fire: Arbalest          |       |    23 |   111 |       ||   134
  Throw: Throwing net      |       |       |     2 |     2 ||     4
    Use: Potion            |     1 |     5 |     3 |     2 ||    11
         Scroll            |       |       |    15 |     2 ||    17
   Stab: Sleeping          |     2 |     1 |       |       ||     3
         Invisible         |       |       |     3 |       ||     3
 Armour: Robe              |    19 |    63 |    96 |       ||   178
         Skin              |       |     5 |       |       ||     5
         Steam dragon scal |       |       |    99 |    85 ||   184
  Dodge: Dodged            |    37 |    98 |   198 |    63 ||   396

Table legend: (Time is in decaauts)
 A = Elapsed time spent in this place.
 B = Non-inter-level travel time spent in this place.
 C = Inter-level travel time spent in this place.
 D = Time resting spent in this place.
 E = Time spent auto-exploring this place.
 F = Levels seen in this place.
 G = Mean time per level.
                   A        B        C        D        E       F      G
               +--------+--------+--------+--------+--------+-----+--------+
         Total |   7788 |   7468 |    320 |    176 |   5236 |  15 |  519.2 |
       Dungeon |   7030 |   6741 |    289 |    151 |   5094 |   9 |  781.1 |
        Temple |     37 |      7 |     30 |      0 |      3 |   1 |   37.0 |
          Lair |    133 |    133 |      0 |      0 |     86 |   2 |   66.5 |
         Sewer |    141 |    141 |      0 |      0 |     53 |   1 |  141.0 |
        Bailey |    387 |    387 |      0 |      0 |      0 |   1 |  387.0 |
      Ice Cave |     57 |     57 |      0 |     25 |      0 |   1 |   57.0 |
               +--------+--------+--------+--------+--------+-----+--------+

Top non-repeatable levels by time:
     D:5: 1317 daAuts
     D:8: 1166 daAuts
     D:1: 911 daAuts
     D:4: 854 daAuts
     D:6: 736 daAuts
     D:3: 692 daAuts
     D:7: 662 daAuts
     D:2: 581 daAuts
  Bailey: 387 daAuts
   Sewer: 141 daAuts
  Lair:1: 120 daAuts
     D:9: 108 daAuts
   IceCv: 57 daAuts
  Temple: 37 daAuts
  Lair:2: 13 daAuts
